 Dungeon Crawl Stone Soup version 0.31-a0-609-g7bf6ffcfed (webtiles) character file.

Game seed: 8299607666242643443

3270 javelincjr the Sneak (level 10, -1/56 HPs)
             Began as an Octopode Conjurer on Aug 21, 2023.
             Was a Follower of Sif Muna.
             Slain by an orc
             ... wielding a +4 whip
              (3 damage)
             ... on level 8 of the Dungeon.
             The game lasted 00:35:56 (9000 turns).

javelincjr the Sneak (Octopode Conjurer)            Turns: 9000, Time: 00:35:56

Health: -1/56      AC:  3    Str:  6    XL:     10   Next: 0%
Magic:  2/21       EV: 14    Int: 25    God:    Sif Muna [*.....]
Gold:   472        SH:  0    Dex:  9    Spells: 19/22 levels left

rFire   + . .        r - +7 staff of the Meek {protect, meekguard}
rCold   x . .        (shield currently unavailable)
rNeg    . . .        (helmet restricted)
rPois   .            p - amulet of regeneration
rElec   .            w - ring of fire
rCorr   +            A - ring of resist corrosion
SInv    +            D - ring of see invisible
Will    .....        (no ring)
Stlth   ++++         (no ring)
HPRegen 1.09/turn    (no ring)
MPRegen 0.17/turn    (no ring)
                     (no ring)

%: no passive effects
@: about to teleport, attractive
A: almost no armour, amphibious, 8 rings, camouflage 1, gelatinous body 1,
(nimble swimmer 1), tentacles, iridescent scales 1, clumsy 1, frail 1, high MP 1
a: Renounce Religion, Channel Magic


You were on level 8 of the Dungeon.
You worshipped Sif Muna.
Sif Muna was aware of your devotion.
You visited 2 branches of the dungeon, and saw 9 of its levels.

You collected 472 gold pieces.

Inventory:

Hand Weapons
 a - a +6 antimagic scythe
 k - a +0 dagger
 l - a +3 hand axe of electrocution
 r - the +7 staff of the Meek (weapon) {protect, meekguard}
   (You found it on level 3 of the Dungeon)
Missiles
 m - 2 poisoned darts
Armour
 H - a +0 buckler
Magical Staves
 n - a staff of fire
Jewellery
 p - an amulet of regeneration (around mantle)
 w - a ring of fire (left tentacle)
 A - a ring of resist corrosion (right tentacle)
 D - a ring of see invisible (on tentacle)
 F - a ring of ice
Wands
 h - a wand of flame (18)
Scrolls
 b - a scroll of teleportation
 c - a scroll of fear {unknown}
 d - 2 scrolls of noise {unknown}
 i - 2 scrolls of blinking {unknown}
 o - a scroll of poison {unknown}
 t - 4 scrolls of identify {unknown}
 x - a scroll of enchant armour {unknown}
 y - a scroll of fog {unknown}
 z - a scroll of enchant weapon {unknown}
 E - a scroll of revelation {unknown}
Potions
 e - 3 potions of heal wounds {unknown}
 f - 2 potions of mutation
 g - a potion of might {unknown}
 j - a potion of attraction
 q - 2 potions of curing {unknown}
 s - a potion of degeneration {unknown}
 u - 2 potions of invisibility {unknown}
 v - a potion of haste {unknown}
 B - 2 potions of lignification {unknown}
 C - a potion of enlightenment {unknown}
 G - a potion of brilliance {unknown}


   Skills:
 + Level 4.1 Fighting
 + Level 4.1 Staves
 + Level 5.7 Dodging
 + Level 7.9 Stealth
 * Level 6.6 Spellcasting
 + Level 6.7 Conjurations
 + Level 3.9 Fire Magic
 + Level 0.0 Invocations


You had 19 spell levels left.
You knew the following spells:

 Your Spells              Type           Power      Damage    Failure   Level
a - Magic Dart            Conj           100%       1d8       1%          1
b - Searing Ray           Conj           82%        2d7       1%          2

Your spell library contained the following spells:

 Spells                   Type           Power      Damage    Failure   Level
 Dazzling Flash           Conj/Hex       50%        N/A       5%          3
 Sticky Flame             Conj/Fire      51%        2d7       8%          4
 Ignite Poison            Fire/Tmut/Pois 22%        N/A       12%         3
 Iskenderun's Battlesphe  Conj           41%        2d9       12%         5
 Fulminant Prism          Conj/Hex       12%        3d8       17%         4
 Iskenderun's Mystic Bla  Conj/Tloc      25%        2d7       17%         4
 Fireball                 Conj/Fire      25%        3d11      22%         5
 Cause Fear               Hex            4%         N/A       56%         4
 Conjure Ball Lightning   Conj/Air       12%        3x3d6     95%         6
 Orb of Destruction       Conj           20%        9d8       98%         7
 Ignition                 Fire           20%        3d7       100%        8
 Dragon's Call            Summ           4%         N/A       100%        9


Dungeon Overview and Level Annotations

Branches:
Dungeon (8/15)             Temple (1/1) D:7
   Lair: D:8-11

Altars:
Ashenzari
Cheibriados
Dithmenos
Elyvilon
Fedhas
Gozag
Hepliaklqana
Kikubaaqudgha
Makhleb
Nemelex Xobeh
Okawaru
Qazlal
Ru
Sif Muna
Trog
Uskayaw
Vehumet
Wu Jian
Xom
Yredelemnul
Zin
The Shining One

Shops:
D:1 (   D:7 [


Innate Abilities, Weirdness & Mutations

You cannot wear most types of armour.
You are amphibious.
You can wear up to eight rings at the same time.
Your skin changes colour to match your surroundings (Stealth+).
Your rubbery body absorbs attacks. (AC +1, EV +1)
((You are camouflaged when in or above water. (Stealth+)))
You have tentacles for arms and can constrict up to eight enemies at once.
You are partially covered in iridescent scales. (AC +2)
You are clumsy. (Dex -2)
You are frail. (-10% HP)
You have an increased reservoir of magic. (+10% MP)


Message History

The orc warrior is heavily wounded.
The orc shouts!
The orc warrior closely misses you.
The orc warrior attacks as it pursues you!
The orc warrior hits you from afar with a +0 glaive!
The orc warrior attacks as it pursues you!
The orc warrior hits you from afar with a +0 glaive!!
You fail to use your ability.
The orc warrior closely misses you.
Okay, then.
Okay, then.
Aiming: Throw Flame
Press: ? - help, Q - select action, (/) - cycle Shift-Dir - straight line, f/p - orc warrior
Aim: an orc warrior, wielding a +0 glaive and wearing a +0 plate armour (heavily wounded, 68% to hit)
The puff of flame hits the orc warrior.
The orc warrior is heavily wounded.
The orc shouts!
An orc comes into view. It is wielding a +0 dagger.
The orc warrior hits you from afar with a +0 glaive!
Aiming: Throw Flame
Press: ? - help, Q - select action, (/) - cycle Shift-Dir - straight line, f/p - orc warrior
Aim: an orc warrior, wielding a +0 glaive and wearing a +0 plate armour (heavily wounded, 68% to hit)
The puff of flame hits the orc warrior.
The orc warrior is severely wounded.
The orc shouts!
The orc warrior hits you from afar with a +0 glaive!!
* * * LOW HITPOINT WARNING * * *
As you read the scroll labelled NACIUM HYACEO, it crumbles to dust.
You feel strangely unstable.
It was a scroll of teleportation.
The orc warrior barely misses you.
It was a potion of mutation.
You feel extremely strange.
You feel frail.
You feel more energetic.
You feel clumsy.
Iridescent scales grow over part of your body.
The orc wizard hits you but does no damage.
The orc warrior hits you from afar with a +0 glaive!
* * * LOW HITPOINT WARNING * * *
It was a potion of attraction.
You feel attractive to monsters. The orc wizard barely misses you.
The orc warrior completely misses you. The orc hits you with a +4 whip.
You die...

############ #..........###
#..........+.####
########..........#....# #######
#..............))...# ..
......###.......o....)...##.#..##
......'.........@ooo.....'<)).>..
......###.......o........##....#.
......# #................# ....#
......# #..........).....# ....#
####### #................# ###.#
#................# .#
#................# #
#########................#
##.......# #..........#


You could see an orc warrior, an orc wizard (invisible) and 3 orcs.

Vanquished Creatures
  Sigmund (D:2)
  Eustachio (D:5)
  The ghost of GoodGuyCap the Insei, an amateur OpSh (D:4)
  A water moccasin (D:3)
  3 ice beasts
  2 sky beasts (D:8)
  A black bear (D:6)
  3 ogres
  A phantom (D:7)
  4 bullfrogs
  A gnoll sergeant (D:8)
  4 scorpions
  4 howler monkeys (D:8)
  5 orc priests
  3 jellies
  A water moccasin simulacrum (D:4)
  9 iguanas
  3 gnoll boudas
  3 sleepcaps
  2 orc wizards
  A scorpion simulacrum (D:4)
  28 gnolls
  6 adders
  2 shadow imps
  A white imp (D:4)
  2 ufetubi (D:5)
  3 worms
  4 dart slugs
  22 orcs
  6 ball pythons
  5 endoplasms
  4 giant cockroaches
  6 goblins
  6 hobgoblins
  7 kobolds
  3 bats
  3 frilled lizards
  A jackal simulacrum (D:4)
  A rat (D:1)
164 creatures vanquished.

Notes
Turn   | Place    | Note
-------+----------+-------------------------------------------
     0 | D:1      | javelincjr the Octopode Conjurer began the quest for the
                  | Orb.
     0 | D:1      | Reached XP level 1. HP: 11/11 MP: 3/3
     7 | D:1      | Found Usearuos's Antique Weapon Shoppe.
   427 | D:1      | Reached skill level 3 in Stealth
   427 | D:1      | Reached XP level 2. HP: 17/17 MP: 0/5
   430 | D:1      | Learned a level 2 spell: Searing Ray
   879 | D:2      | Noticed Sigmund
  1426 | D:2      | Reached XP level 3. HP: 21/21 MP: 0/6
  1709 | D:2      | Killed Sigmund
  1710 | D:2      | Reached skill level 4 in Stealth
  1710 | D:2      | Reached XP level 4. HP: 8/27 MP: 0/8
  1710 | D:2      | Reached XP level 5. HP: 9/31 MP: 0/9
  2101 | D:3      | Noticed a water moccasin
  2108 | D:3      | Killed a water moccasin
  2109 | D:3      | Reached skill level 5 in Stealth
  2109 | D:3      | Reached skill level 5 in Conjurations
  2109 | D:3      | Reached XP level 6. HP: 23/36 MP: 0/11
  2449 | D:3      | Found the +7 staff of the Meek {protect, meekguard}
  2828 | D:4      | Reached XP level 7. HP: 42/42 MP: 6/12
  3156 | D:4      | Reached skill level 1 in Fire Magic
  3265 | D:4      | Reached skill level 1 in Fighting
  3294 | D:4      | Reached skill level 1 in Staves
  3409 | D:4      | Noticed GoodGuyCap's ghost (amateur OpSh)
  3579 | D:4      | Found a runed translucent gate.
  3579 | D:4      | Found a runed translucent gate.
  3579 | D:4      | Found a runed translucent gate.
  4157 | D:4      | Reached XP level 8. HP: 49/49 MP: 8/14
  4161 | D:4      | Killed GoodGuyCap's ghost
  4162 | D:4      | Reached skill level 6 in Stealth
  4467 | D:5      | Entered Level 5 of the Dungeon
  4524 | D:5      | Noticed Eustachio
  4532 | D:5      | Killed Eustachio
  4670 | D:5      | Reached skill level 5 in Spellcasting
  6302 | D:6      | Reached XP level 9. HP: 55/55 MP: 8/17
  6419 | D:6      | Reached skill level 5 in Dodging
  6533 | D:6      | Reached skill level 7 in Stealth
  7075 | D:7      | Found a shimmering altar of Xom.
  7474 | D:7      | Found a staircase to the Ecumenical Temple.
  7483 | Temple   | Entered the Ecumenical Temple
  7500 | Temple   | Became a worshipper of Sif Muna the Loreminder
  7693 | D:7      | Found Jejyu's Antique Armour Shop.
  8932 | D:8      | Reached * piety under Sif Muna
  8956 | D:8      | Reached XP level 10. HP: 29/63 MP: 1/19
  8999 | D:8      | Gained mutation: You are frail. (-10% HP) [potion of
                  | mutation]
  8999 | D:8      | Gained mutation: You have an increased reservoir of magic.
                  | (+10% MP) [potion of mutation]
  8999 | D:8      | Gained mutation: You are clumsy. (Dex -2) [potion of
                  | mutation]
  8999 | D:8      | Gained mutation: You are partially covered in iridescent
                  | scales. (AC +2) [potion of mutation]
  8999 | D:8      | HP: 1/56 [orc warrior/+0 glaive (8)]
  9000 | D:8      | Slain by an orc

Illustrated notes

Levels and vault maps discovered:
D:1:      minmay_arrival_shoal_huts, layout_basic, serial_shops,
          nicolae_shop_tiny_waterfront
D:2:      layout_rooms, uniq_sigmund
D:3:      layout_basic, pf_guarded_unrand_meek
D:4:      layout_basic, gammafunk_ghost_icy
D:5:      layout_gridville, uniq_eustachio
D:6:      layout_basic, nicolae_the_louvre
D:7:      layout_cave_pods, lemuel_tele_altar, minmay_temple_entry_tees,
          serial_shops, shop
D:8:      layout_basic
Temple:   regret_index_temple_sigil_plot

Skill      XL: |  1  2  3  4  5  6  7  8  9 |
---------------+----------------------------+-----
Stealth        | 3 4 5 6 7 |  7.9
Dodging        | 3 4 5 |  5.7
Spellcasting   | 3 4 5 6 |  6.6
Conjurations   | 5 6 |  6.7
Fire Magic     | 1 2 3 |  3.9
Fighting       | 1 2 4 |  4.1
Staves         | 1 2 4 |  4.1

Action                     |  1- 3 |  4- 6 |  7- 9 | 10-12 || total
---------------------------+-------+-------+-------+-------++-------
  Melee: Unarmed           |     6 |       |       |       ||     6
         Constrict         |     3 |     3 |     7 |       ||    13
         Tentacles         |     1 |     2 |     7 |       ||    10
         Hand axe          |     2 |     8 |       |       ||    10
         Quarterstaff      |       |       |    35 |       ||    35
         Punch             |       |       |     2 |       ||     2
   Cast: Magic Dart        |    59 |    37 |   182 |     1 ||   279
         Searing Ray       |     2 |     4 |    68 |     1 ||    75
  Evoke: Wand              |     2 |       |       |     2 ||     4
    Use: Potion            |     1 |       |       |     2 ||     3
         Scroll            |       |       |       |     1 ||     1
 Armour: Skin              |     1 |       |     3 |     1 ||     5
  Dodge: Dodged            |    11 |     7 |    51 |     6 ||    75

Table legend: (Time is in decaauts)
 A = Elapsed time spent in this place.
 B = Non-inter-level travel time spent in this place.
 C = Inter-level travel time spent in this place.
 D = Time resting spent in this place.
 E = Time spent auto-exploring this place.
 F = Levels seen in this place.
 G = Mean time per level.
                   A        B        C        D        E       F      G
               +--------+--------+--------+--------+--------+-----+--------+
         Total |   9003 |   8682 |    321 |    575 |   6817 |   9 | 1000.3 |
       Dungeon |   8972 |   8674 |    298 |    575 |   6817 |   8 | 1121.5 |
        Temple |     31 |      8 |     23 |      0 |      0 |   1 |   31.0 |
               +--------+--------+--------+--------+--------+-----+--------+

Top non-repeatable levels by time:
     D:4: 1766 daAuts
     D:5: 1404 daAuts
     D:7: 1287 daAuts
     D:6: 1190 daAuts
     D:1: 950 daAuts
     D:3: 884 daAuts
     D:2: 866 daAuts
     D:8: 621 daAuts
  Temple: 31 daAuts
